AoeStats
← ROYAL PIGGY

Arena

507967224Analyzed
4v4 RM · 13d ago on Sep 20, 2026· 45m 40s· 8 players
Game mode
Random Map
Map size
Large (8 player)
Population
200
Speed
Normal
Resources
Standard
Victory
Conquest
Starting age
Dark Age
Ending age
Imperial Age
RankedLock teamsTeams togetherTeam positionsShared explorationLock speedFull tech treeHidden civsTurbo modeCheats
Victory
Defeat
🇨🇳 Poles · China
1483
+13
🇦🇷 Burmese · Argentina
1439
+14
🇨🇳 Japanese · China
1362
+18
🇨🇳 Bengalis · China
1356
+18
🇨🇳 Huns · China
1491
-19
🇨🇳 Franks · China
1482
-20
🇨🇳 Romans · China
1340
-13
1293
-11
求求了让老头吃你一分
10:36 Feudal Age
11:19 Double-Bit Axe
14:54 Castle Age
15:45 Horse Collar
15:51 Double-Bit Axe
17:44 Wheelbarrow
19:50 Loom
23:19 Bow Saw
23:47 Fletching
24:23 Bodkin Arrow
25:28 Crossbowman
26:16 Thumb Ring
29:58 Imperial Age
27:44 Padded Archer Armor
27:43 Gold Mining
29:30 Ballistics
30:26 Arbalester
31:26 Bracer
31:47 Husbandry
32:07 Heavy Camel Rider
33:13 Leather Archer Armor
33:04 Scale Barding Armor
34:08 Conscription
33:46 Heavy Camel Rider
33:52 Heavy Camel Rider
35:45 Chemistry
35:21 Chain Barding Armor
34:35 Heavy Camel Rider
37:51 Two-Man Saw
37:47 Gold Shaft Mining
37:04 Stone Mining
37:33 Hand Cart
41:03 Plate Barding Armor
40:39 Forging
43:55 Stone Shaft Mining
43:09 Capped Ram
ROYAL PIGGY
11:30 Feudal Age
15:11 Castle Age
13:25 Double-Bit Axe
14:49 Town Watch
16:39 Loom
22:46 Wheelbarrow
22:07 Gold Mining
24:25 Hand Cart
29:03 Imperial Age
26:54 Scale Mail Armor
27:04 Forging
27:17 #83
27:59 Chain Mail Armor
28:12 Ballistics
27:53 Stone Mining
28:40 Gold Shaft Mining
29:12 Masonry
29:06 Squires
28:51 Arson
30:06 Iron Casting
30:15 Conscription
31:49 Chemistry
32:00 Hoardings
32:37 Blast Furnace
32:00 Fortified Wall
32:11 Elite Throwing Axeman
34:57 Plate Mail Armor
37:47 Bow Saw
39:07 Fletching
43:32 Pikeman
44:27 Halberdier
the shy
3:30 Loom
10:38 Feudal Age
14:20 Castle Age
12:23 Double-Bit Axe
12:50 Horse Collar
15:26 Bow Saw
21:52 Wheelbarrow
23:33 Loom
24:04 Hand Cart
23:57 Fletching
28:24 Imperial Age
26:22 Gold Mining
27:33 Scale Barding Armor
28:19 Bodkin Arrow
28:46 Chain Barding Armor
28:36 Forging
28:35 Husbandry
28:46 Bloodlines
30:53 Gold Shaft Mining
30:08 Stone Mining
31:12 Plate Barding Armor
31:12 Iron Casting
31:01 Conscription
30:44 Marauders
31:36 Elite Tarkan
35:05 Blast Furnace
34:47 Scale Mail Armor
35:05 Squires
34:26 Pikeman
34:34 Light Cavalry
35:10 Halberdier
38:35 Two-Man Saw
38:24 Chain Mail Armor
wjc980418
10:48 Feudal Age
14:27 Castle Age
12:17 Double-Bit Axe
12:38 Horse Collar
15:29 Bow Saw
19:24 Gold Mining
20:42 Wheelbarrow
21:51 Hand Cart
22:09 Heavy Plow
24:06 Gold Shaft Mining
23:24 Stone Mining
25:23 Town Watch
25:51 Forging
28:53 Imperial Age
26:33 Man-at-Arms
27:14 Squires
27:24 Scale Mail Armor
28:01 Gold Shaft Mining
27:53 Fortified Wall
28:09 Loom
28:42 Chain Mail Armor
27:51 Long Swordsman
28:57 Town Patrol
29:58 Comitatenses
29:09 Legionary
30:27 Iron Casting
30:57 Pikeman
32:30 Conscription
31:39 Heavy Scorpion
32:19 Halberdier
34:14 Blast Furnace
33:53 Capped Ram
35:13 Siege Ram
43:07 Ballistas
苟住
10:08 Feudal Age
14:08 Castle Age
12:36 Double-Bit Axe
13:00 Horse Collar
19:51 Heavy Plow
22:46 Wheelbarrow
24:07 Bow Saw
25:01 Gold Mining
28:41 Imperial Age
25:58 Loom
26:00 Town Watch
26:47 Bloodlines
27:20 Hand Cart
27:36 Forging
28:01 Scale Barding Armor
28:04 Husbandry
29:19 Iron Casting
29:07 Szlachta Privileges
28:43 Cavalier
29:45 Conscription
29:53 Chain Barding Armor
29:43 Stone Mining
31:20 Crop Rotation
31:12 Town Patrol
32:15 Blast Furnace
31:56 Fletching
33:11 Chemistry
33:36 Murder Holes
33:52 Fortified Wall
33:41 Bodkin Arrow
34:47 Bracer
35:16 Ballistics
34:42 Arrowslits
34:48 Guard Tower
36:26 Caravan
36:58 Coinage
36:30 Padded Archer Armor
36:31 Scale Mail Armor
41:25 Light Cavalry
43:18 Chain Mail Armor
43:44 Stone Shaft Mining
44:20 Leather Archer Armor
44:36 Plate Mail Armor
[BadStart] The Shadow
10:35 Feudal Age
14:26 Castle Age
12:24 Horse Collar
15:14 Heavy Plow
16:28 Fervor
19:22 Loom
21:11 Sanctity
24:11 Gold Mining
24:57 Wheelbarrow
28:03 Imperial Age
26:32 Hand Cart
27:43 Gold Shaft Mining
26:59 Stone Mining
27:23 Town Watch
28:00 Manipur Cavalry
28:15 Padded Archer Armor
29:54 Chemistry
29:15 Block Printing
29:27 Illumination
29:37 Theocracy
31:12 Conscription
31:10 Bloodlines
31:00 Husbandry
31:30 Conscription
32:56 Fletching
35:17 Redemption
36:06 Elite Arambai
37:34 Bodkin Arrow
38:01 Ballistics
37:47 Siege Engineers
42:21 Masonry
42:51 Guard Tower
43:03 Bracer
TonTonJu
10:20 Feudal Age
11:24 Double-Bit Axe
14:16 Castle Age
12:43 Horse Collar
15:57 Bow Saw
21:03 Loom
21:53 Wheelbarrow
22:27 Heavy Plow
28:02 Imperial Age
25:32 Gold Mining
26:53 Gold Shaft Mining
26:09 Stone Mining
27:07 Bloodlines
27:18 Scale Barding Armor
27:24 Husbandry
28:16 Forging
29:13 Chain Barding Armor
30:07 Two-Man Saw
30:21 Iron Casting
30:04 Hand Cart
29:36 Town Watch
31:04 Conscription
30:43 Elite Battle Elephant
32:07 Plate Barding Armor
31:51 Light Cavalry
34:13 Chemistry
33:34 Ballistics
34:50 Blast Furnace
33:56 Fletching
35:23 Guard Tower
35:19 Arrowslits
35:15 Treadmill Crane
36:09 Bodkin Arrow
37:31 Keep
41:35 Fortified Wall
41:55 Onager
43:36 Paiks
43:32 Bracer
630406632
10:53 Feudal Age
15:04 Castle Age
13:15 Double-Bit Axe
13:38 Horse Collar
16:41 Bow Saw
18:41 Arson
19:56 Forging
20:19 Scale Mail Armor
22:42 Iron Casting
22:25 Loom
22:51 Gold Mining
24:20 Chain Mail Armor
26:24 Wheelbarrow
26:20 Stone Mining
27:04 Fletching
27:36 Heavy Plow
31:02 Squires
30:23 Pikeman
30:49 Gambesons
36:12 Imperial Age
34:35 Gold Shaft Mining
34:34 Yasama
34:30 Guard Tower
35:09 Hand Cart
37:12 Halberdier
39:20 Two-Man Saw
38:59 Plate Mail Armor
39:06 Conscription
39:18 Bodkin Arrow
40:55 Blast Furnace
40:20 Kataparuto
41:13 Chemistry
41:25 Bracer
42:23 Keep
42:09 Ballistics
42:55 Ballistics
45:15 Siege Engineers
44:56 Arrowslits
46:22 Masonry
Connection lost

Rejoining the realm…

Still unreachable

The connection could not be restored.

Session expired

The server has moved on; the page needs a fresh start.